 Dungeon Crawl Stone Soup version 0.31.0-4-g52a2dc7128 (webtiles) character file.

Game seed: 2183807981217879281

574 Arctor the Shooter (level 7, -3/41 HPs)
             Began as a Kobold Hexslinger on Jan 22, 2024.
             Was a Believer of Qazlal.
             Slain by a hornet (13 damage)
             ... on level 7 of the Dungeon.
             The game lasted 00:05:07 (2995 turns).

Arctor the Shooter (Kobold Hexslinger)              Turns: 2995, Time: 00:05:08

Health: -3/41      AC:  5    Str:  1 (2)  XL:     7   Next: 61%
Magic:  11/11      EV: 18    Int: 21      God:    Qazlal [**....]
Gold:   161        SH:  3    Dex: 26      Spells: 10/12 levels left

rFire   . . .        r - +8 war axe of Xountoh {venom, rCorr Str-2 Int+2 Dex+8}
rCold   . . .        (no shield)
rNeg    . . .        c - +0 robe
rPois   .            (no helmet)
rElec   .            h - +0 cloak
rCorr   +            (no gloves)
SInv    .            (no boots)
Will    +....        (no amulet)
Stlth   +++          x - ring of willpower
HPRegen 0.26/turn    (no ring)
MPRegen 0.12/turn

%: no passive effects
@: brilliant, lethally poisoned (-3 -> -9)
A: small, no large weapons, nightstalker 3, iridescent scales 1, clever 1,
deterioration 1
a: Renounce Religion, Upheaval


You were on level 7 of the Dungeon.
You worshipped Qazlal.
Qazlal was pleased with you.
You visited 1 branch of the dungeon, and saw 5 of its levels.

You collected 161 gold pieces.

Inventory:

Hand Weapons
 a - a +1 sling
 p - a +2 dagger of venom
 r - the +8 war axe of Xountoh (weapon) {venom, rCorr Str-2 Int+2 Dex+8}
   (You found it on level 2 of the Dungeon)

   Str-2:     It affects your strength (-2).
   Int+2:     It affects your intelligence (+2).
   Dex+8:     It affects your dexterity (+8).
   rCorr:     It protects you from acid and corrosion.
Armour
 c - a +0 robe (worn)
 h - a +0 cloak (worn)
Jewellery
 s - a ring of fire
 u - a ring of protection from cold
 x - a ring of willpower (left hand)
Wands
 t - a wand of flame (37)
Scrolls
 b - 2 scrolls of poison
 d - a scroll of fear {unknown}
 e - 3 scrolls of identify {unknown}
 f - a scroll of enchant armour {unknown}
 g - a scroll of fog {unknown}
 i - a scroll of torment {unknown}
 j - 2 scrolls of noise {unknown}
 m - 3 scrolls of teleportation {unknown}
 n - a scroll of blinking {unknown}
Potions
 v - a potion of cancellation


   Skills:
 + Level 3.4 Fighting
 + Level 2.0 Axes
 + Level 4.9 Ranged Weapons
 + Level 4.4 Dodging
 + Level 3.1 Spellcasting
 + Level 4.2 Hexes
 - Level 1.3 Fire Magic


You had 10 spell levels left.
You knew the following spells:

 Your Spells              Type           Power      Damage    Failure   Level
a - Jinxbite              Hex            62%        N/A       3%          2

Your spell library contained the following spells:

 Spells                   Type           Power      Damage    Failure   Level
 Slow                     Hex            100%       N/A       2%          1
 Confusing Touch          Hex            31%        N/A       7%          3
 Sigil of Binding         Hex            31%        N/A       7%          3
 Inner Flame              Hex/Fire       22%        N/A       12%         3
 Blink                    Tloc           8%         N/A       21%         2
 Lesser Beckoning         Tloc           8%         N/A       21%         2
 Cause Fear               Hex            15%        N/A       22%         4
 Gell's Gravitas          Tloc           4%         N/A       36%         3
 Teleport Other           Tloc           4%         N/A       36%         3
 Vampiric Draining        Necr           4%         2d6       36%         3
 Dimensional Bullseye     Hex/Tloc       9%         N/A       50%         4
 Passage of Golubria      Tloc           4%         N/A       78%         4
 Vhi's Electric Charge    Tloc/Air       8%         N/A       78%         4
 Summon Forest            Summ/Tloc      2%         N/A       98%         5


Dungeon Overview and Level Annotations

Branches:
Dungeon (4/15)
 Temple: D:4-7

Altars:
Qazlal
Sif Muna
Xom

Shops:
D:3 (


Innate Abilities, Weirdness & Mutations

You are small and have problems with some larger weapons.
You are completely attuned to the shadows.
You are partially covered in iridescent scales. (AC +2)
Your mind is acute. (Int +4, Str/Dex -1)
Your body sometimes deteriorates upon taking damage.


Message History

The kobold brigand is severely wounded.
The kobold brigand hits you but does no damage.
You barely miss the kobold brigand.
The kobold brigand is almost dead.
The kobold brigand hits you but does no damage.
The kobold brigand hits you with a +0 dagger.
You hit the kobold brigand.
You kill the kobold brigand!
Qazlal accepts your kill.
Your Axes skill increases to level 2!
You slash the kobold!
You kill the kobold!
Qazlal accepts your kill. The kobold hits you but does no damage.
A hornet comes into view.
You closely miss the kobold. The kobold barely misses you.
You hit the kobold.
You kill the kobold!
Qazlal accepts your kill.
The hornet stings you but does no damage.
You closely miss the hornet.
Your transformation is almost over.
The hornet stings you!
Your body deteriorates!
You feel weakened.
You are poisoned.
You block the hornet's attack.
It was a potion of cancellation.
Your magical effects are unravelling.
You feel magically purged.
You feel less wooden.
Your +0 cloak unmelds from your body.
Your +0 robe unmelds from your body.
You feel very sick. The hornet misses you.
It was a potion of brilliance.
You feel clever all of a sudden.
You feel very sick. The hornet misses you. x2
Okay, then.
You miss the hornet.
You feel sick. The hornet misses you. The hornet stings you!
You die...

#.# #(# #. #.#
#(# #..#.# #.#
#
...#.####.##.#
..............
.....####@##.#
.....# #y#
.....# ...
.....# ....#
.....#.....#
.#....


You could see a hornet.

Vanquished Creatures
  Eustachio (D:4)
  A kobold brigand (D:7)
  2 howler monkeys (D:7)
  A bombardier beetle (D:4)
  A jelly (D:7)
  A hound (D:4)
  2 orc priests
  An iguana (D:4)
  An orc wizard (D:4)
  2 adders
  A shadow imp (D:7)
  A dart slug (D:3)
  7 orcs
  3 bats
  2 endoplasms
  3 giant cockroaches
  5 goblins
  9 hobgoblins
  5 jackals
  A quokka (D:1)
  6 ball pythons
  3 frilled lizards
  8 kobolds
  5 rats
72 creatures vanquished.

Notes
Turn   | Place    | Note
-------+----------+-------------------------------------------
     0 | D:1      | Arctor the Kobold Hexslinger began the quest for the Orb.
     0 | D:1      | Reached XP level 1. HP: 12/12 MP: 2/2
    68 | D:1      | Reached XP level 2. HP: 16/16 MP: 3/3
   612 | D:1      | Reached XP level 3. HP: 20/20 MP: 5/5
   979 | D:2      | Learned a level 2 spell: Jinxbite
  1010 | D:2      | Found a faded altar of an unknown god.
  1107 | D:2      | Prayed at the altar of an unknown god.
  1107 | D:2      | Became a worshipper of Qazlal Stormbringer
  1107 | D:2      | Reached * piety under Qazlal
  1390 | D:2      | Identified the +8 war axe of Xountoh {venom, rCorr Str-2
                  | Int+2 Dex+8}
  1523 | D:2      | Reached XP level 4. HP: 26/26 MP: 6/6
  1805 | D:3      | Found Mauckin's Antique Weapon Boutique.
  1846 | D:3      | Reached ** piety under Qazlal
  1925 | D:3      | Got the Compilation of Direction
  2118 | D:3      | Found a shimmering blue altar of Sif Muna.
  2183 | D:3      | Reached XP level 5. HP: 30/30 MP: 8/8
  2490 | D:4      | Found a shimmering altar of Xom.
  2507 | D:4      | Gained mutation: Your body sometimes deteriorates upon
                  | taking damage. [potion of mutation]
  2507 | D:4      | Gained mutation: Your mind is acute. (Int +4, Str/Dex -1)
                  | [potion of mutation]
  2507 | D:4      | Gained mutation: You are partially covered in iridescent
                  | scales. (AC +2) [potion of mutation]
  2513 | D:4      | Reached skill level 1 in Axes
  2526 | D:4      | Reached XP level 6. HP: 10/36 MP: 9/9
  2714 | D:4      | Noticed Eustachio
  2732 | D:4      | Killed Eustachio
  2733 | D:4      | Reached XP level 7. HP: 40/41 MP: 9/11
  2954 | D:4      | You fall into a shaft and drop 3 floors!
  2989 | D:7      | Noticed a hornet
  2995 | D:7      | Slain by a hornet

Illustrated notes

Levels and vault maps discovered:
D:1:      scummos_arrival_hexagon, layout_basic
D:2:      layout_rooms, dreamdust_ecumenical_altar_hidden_monk_grotto
D:3:      layout_basic, pf_just_have_faith, serial_shops, nicolae_square_shop
D:4:      layout_loops_ring, mainiacjoe_overflow_tiny_flanked, uniq_eustachio
D:7:      layout_basic, worldfamousw_hep_ancestral_shrine,
          lemuel_mausoleum_altar_kikubaaqudgha, minmay_temple_entry_sparse_star,
          ebering_ghost_reflecting_pool, nicolae_phantomly_mirrored

Skill      XL: |  1  2  3  4  5  6  7 |
---------------+----------------------+-----
Ranged Weapons | 3 4 |  4.9
Dodging        | 3 4 |  4.4
Fighting       | 2 3 |  3.4
Spellcasting   | 2 3 |  3.1
Axes           | 1 2 |  2.0
Hexes          | 4 |  4.2
Fire Magic     | |  1.3

Action                     |  1- 3 |  4- 6 |  7- 9 || total
---------------------------+-------+-------+-------++-------
  Melee: Dagger            |    21 |       |       ||    21
         War axe           |     7 |    55 |    28 ||    90
   Fire: Sling             |    54 |       |       ||    54
    Use: Potion            |       |     5 |     3 ||     8
 Armour: Robe              |    13 |    12 |     8 ||    33
         Skin              |       |       |     9 ||     9
  Dodge: Dodged            |    34 |    40 |    28 ||   102
  Block: Other             |     2 |     8 |     2 ||    12
